 Dungeon Crawl Stone Soup version 0.28-a0-241-gfbb0926a3a (webtiles) character file.

Game seed: 4966001560890704300

3945 Colgate the Cleaver (level 10, 0/84 HPs)
             Began as a Red Draconian Fighter on Aug 24, 2021.
             Was a Priest of Makhleb.
             Slain by a seven-headed hydra (10 damage)
             ... on level 8 of the Dungeon.
             The game lasted 00:18:23 (9706 turns).

Colgate the Cleaver (Red Draconian Fighter)         Turns: 9706, Time: 00:18:24

Health: 0/84       AC:  8    Str: 19    XL:     10   Next: 2%
Magic:  16/16      EV: 10    Int:  9    God:    Makhleb [***...]
Gold:   241        SH:  9    Dex: 13    Spells: 9/9 levels left

rFire   + . .      SeeInvis .   l - +0 morningstar
rCold   . . .      Faith    .   b - +0 kite shield
rNeg    . . .      Spirit   .   (armour unavailable)
rPois   +          Reflect  .   (helmet restricted)
rElec   .          Harm     .   (no cloak)
rCorr   .          Rampage  .   (no gloves)
Will    .....                   d - +0 pair of boots
Stlth   +.........              (no amulet)
HPRegen 0.24/turn               i - ring of poison resistance
MPRegen 0.15/turn               a - +4 ring of slaying {mikee}

@: no status effects
A: breathe fire, AC +7, unfitting armour, fire resistance 1, cold-blooded,
evolution 1
a: Breathe Fire, Renounce Religion, Minor Destruction, Lesser Servant of Makhleb


You were on level 8 of the Dungeon.
You worshipped Makhleb.
Makhleb was most pleased with you.
You visited 1 branch of the dungeon, and saw 8 of its levels.

You collected 395 gold pieces.
You spent 154 gold pieces at shops.


Innate Abilities, Weirdness & Mutations

You can breathe blasts of fire.
Your fiery red scales are hard. (AC +7)
You cannot fit into any form of body armour.
Your flesh is heat resistant. (rF+)
You are cold-blooded and may be slowed by cold attacks.
You have hidden genetic potential.


   Skills:
 - Level 6.4 Fighting
 - Level 10.0 Axes
 + Level 2.7 Dodging
 - Level 5.0 Shields
 + Level 9.1 Invocations


You had 9 spell levels left.
You didn't know any spells.
Your spell library was empty.

Inventory:

Hand Weapons
 l - a +0 morningstar (weapon)
 Y - a +1 war axe
Missiles
 e - 8 silver javelins
Armour
 b - a +0 kite shield (worn)
 d - a +0 pair of boots (worn)
Jewellery
 a - a +4 ring of slaying (right hand) {mikee}
 i - a ring of poison resistance (left hand)
 r - a ring of poison resistance
Wands
 h - a wand of digging (2)
Scrolls
 f - 7 scrolls of teleportation
 n - a scroll of identify
 o - a scroll of torment {unknown}
Potions
 c - a potion of might
 g - a potion of resistance {unknown}
 j - 2 potions of mutation
 k - 4 potions of curing
 m - a potion of heal wounds
 t - a potion of ambrosia {unknown}

Dungeon Overview and Level Annotations

Branches:
Dungeon (8/15)             Temple (0/1) D:4
   Lair: D:8-11

Altars:
Cheibriados
Gozag
Kikubaaqudgha
Makhleb
Okawaru
Ru
Wu Jian

Shops:
D:7 (

Annotations:
D:3 1 runed translucent door, Crazy Yiuf


Message History

You sock the seven-headed hydra!
The seven-headed hydra is moderately wounded.
The seven-headed hydra bites you.
You block the seven-headed hydra's attack.
The seven-headed hydra closely misses you.
The seven-headed hydra bites you!
The seven-headed hydra closely misses you.
The seven-headed hydra bites you.
You block the seven-headed hydra's attack.
There is an open door here.
There is an open door here.
The seven-headed hydra closely misses you.
The seven-headed hydra bites you!
The seven-headed hydra bites you but does no damage.
The seven-headed hydra bites you. x2
You block the seven-headed hydra's attack.
The seven-headed hydra bites you.
9636 ||| SWAPPING to +1 war axe.
Y - a +1 war axe (weapon)
You block the seven-headed hydra's attack.
The seven-headed hydra bites you!
You block the seven-headed hydra's attack. x3
The seven-headed hydra barely misses you.
The seven-headed hydra closely misses you.
There is a stone staircase leading up here.
9704 ||| SWAPPING to +0 morningstar.
l - a +0 morningstar (weapon)
You barely miss the seven-headed hydra. You tail-slap the seven-headed hydra.
The seven-headed hydra is lightly wounded.
The seven-headed hydra bites you!
The seven-headed hydra bites you but does no damage.
The seven-headed hydra barely misses you.
The seven-headed hydra bites you!
The seven-headed hydra bites you but does no damage. x3
You puncture the seven-headed hydra! You tail-slap the seven-headed hydra.
The seven-headed hydra is moderately wounded.
The seven-headed hydra bites you. The seven-headed hydra bites you!
You block the seven-headed hydra's attack.
The seven-headed hydra bites you! x3
You die...

#######################
####
#......................
...#
#.#####################
##'########.#.############
#
#...........#....#........
.
#.........................
.
....>..........D@.........
#
............#.####.#######
............#......#
............######.#
...(........######.#
...................#
...........#######.# #
...........+.......# +
...........######### #


You could see a seven-headed hydra.

Vanquished Creatures
  Joseph (D:7)
  3 yaks
  Eustachio (D:5)
  Duvessa (D:7)
  3 water moccasins
  3 black bears
  An orc warrior (D:7)
  2 sky beasts
  3 necrophages (D:7)
  A phantom (D:3)
  An ogre (D:6)
  2 bullfrogs (D:8)
  A scorpion (D:4)
  A water moccasin zombie (D:5)
  Dowan (D:7)
  3 killer bees (D:7)
  5 wights
  A howler monkey (D:6)
  A centaur zombie (D:8)
  A bullfrog zombie (D:7)
  2 jellies
  3 bullfrog skeletons
  2 orc priests
  A centaur skeleton (D:4)
  3 hounds
  Jessica (D:3)
  3 iguanas
  Terence (D:2)
  5 orc wizards
  Robin (D:3)
  A howler monkey zombie (D:7)
  2 river rats (D:6)
  14 adders
  2 shadow imps
  2 white imps
  An ufetubus (D:6)
  6 worms
  4 dart slugs
  19 orcs
  5 endoplasms
  6 giant cockroaches
  20 goblins
  5 hobgoblins
  3 jackals (D:4)
  2 quokkas
  7 ball pythons
  5 bats
  2 frilled lizards
  4 kobolds
  A quokka skeleton (D:4)
  5 rats
174 creatures vanquished.

Vanquished Creatures (others)
  A fungus (D:3)
1 creature vanquished.

Grand Total: 175 creatures vanquished

Notes
Turn   | Place    | Note
-------+----------+-------------------------------------------
     0 | D:1      | Colgate the Draconian Fighter began the quest for the Orb.
     0 | D:1      | Reached XP level 1. HP: 19/19 MP: 1/1
     0 | D:1      | 0 ||| counter = 59
   174 | D:1      | Found a faded altar of an unknown god.
   422 | D:1      | Reached XP level 2. HP: 20/26 MP: 2/2
   591 | D:1      | Reached skill level 3 in Axes
  1057 | D:1      | 1057 ||| UPGRADING to ring of poison resistance.
  1058 | D:1      | 1058 ||| READING scroll labelled ITAGAOFOMA.
  1059 | D:1      | 1059 ||| READING scroll labelled YWOFEG FOAWE.
  1455 | D:2      | Reached XP level 3. HP: 31/31 MP: 3/3
  1794 | D:2      | 1794 ||| STAIRDANCE
  1825 | D:1      | 1825 ||| READING scroll labelled ENEYM CIMYCI.
  1826 | D:1      | 1826 ||| READING scroll labelled ATUDIH ZUAST.
  2201 | D:2      | Reached skill level 4 in Axes
  2391 | D:2      | 2391 ||| READING scroll labelled NUBIOMMEOSO.
  2418 | D:3      | 2418 ||| STAIRDANCE
  2453 | D:3      | Reached XP level 4. HP: 23/38 MP: 4/4
  2453 | D:3      | 2453 ||| STAIRDANCE
  2697 | D:3      | Noticed Jessica
  2704 | D:3      | Killed Jessica
  2718 | D:3      | Found a runed translucent door.
  2719 | D:3      | 2719 ||| DROPPING +0 club.
  2720 | D:3      | Noticed Crazy Yiuf
  2799 | D:3      | Found a burning altar of Makhleb.
  2804 | D:3      | Became a worshipper of Makhleb the Destroyer
  2813 | D:3      | Found a sacrificial altar of Ru.
  2957 | D:3      | Noticed a phantom
  2966 | D:3      | Killed a phantom
  2967 | D:3      | Reached skill level 5 in Axes
  2967 | D:3      | Reached XP level 5. HP: 21/45 MP: 5/5
  3148 | D:3      | Noticed Terence
  3215 | D:3      | 3215 ||| STAIRDANCE
  3218 | D:2      | Killed Terence
  3219 | D:2      | Reached skill level 6 in Axes
  3279 | D:2      | 3279 ||| UPGRADING to +0 pair of boots.
  3284 | D:2      | 3284 ||| UPGRADING to +4 ring of slaying {mikee}.
  3285 | D:2      | 3285 ||| READING scroll labelled OMUNEH NIOMEIMM.
  3286 | D:2      | 3286 ||| DRINKING 2 yellow potions.
  3287 | D:2      | 3287 ||| DRINKING 3 dark potions.
  3287 | D:2      | Gained mutation: You have hidden genetic potential. [potion
                  | of mutation]
  3287 | D:2      | Gained mutation: Your flesh is heat resistant. (rF+)
                  | [potion of mutation]
  3288 | D:2      | 3288 ||| DROPPING potion of magic.
  3341 | D:3      | Found an opulent altar of Gozag.
  3608 | D:3      | Noticed Robin
  3616 | D:3      | Reached * piety under Makhleb
  3622 | D:3      | Killed Robin
  3804 | D:3      | 3804 ||| READING 2 scrolls of identify.
  3804 | D:3      | 3804 ||| IDENTIFYING viscous inky potion
  3805 | D:3      | 3805 ||| DROPPING potion of invisibility.
  3928 | D:4      | Reached XP level 6. HP: 46/52 MP: 6/6
  3933 | D:4      | Found an ancient bone altar of Kikubaaqudgha.
  3933 | D:4      | HP: 13/52 [wight (4)]
  3938 | D:4      | HP: 10/52 [orc (4)]
  4240 | D:4      | Reached skill level 7 in Axes
  4363 | D:4      | 4363 ||| DRINKING 3 potions of curing.
  4363 | D:4      | 4363 ||| (to cure confusion)
  4369 | D:4      | Your scales start taking on a fiery red colour.
  4369 | D:4      | Reached XP level 7. HP: 59/59 MP: 7/7
  4369 | D:4      | Mutation became permanent: Your flesh is heat resistant.
                  | (rF+) [Red Draconian growth]
  4369 | D:4      | Gained mutation: Your flesh is heat resistant. (rF+) [Red
                  | Draconian growth]
  4568 | D:4      | Found a staircase to the Ecumenical Temple.
  4583 | D:4      | 4583 ||| DROPPING +1 hand axe of electrocution.
  4747 | D:4      | 4747 ||| READING scroll labelled CAOHEI FOATS.
  4748 | D:4      | 4748 ||| READING scroll labelled QIGARUJOOTH.
  4749 | D:4      | 4749 ||| READING scroll labelled GENWOG YPPABAI.
  4750 | D:4      | 4750 ||| READING scroll labelled JYIVVA CAAPT.
  4760 | D:5      | Entered Level 5 of the Dungeon
  4837 | D:5      | Found an ornate altar of the Wu Jian Council.
  4911 | D:5      | Reached skill level 8 in Axes
  4986 | D:5      | Reached ** piety under Makhleb
  5034 | D:5      | 5034 ||| STAIRDANCE
  5079 | D:4      | 5079 ||| READING scroll labelled USOASE QEUZOT.
  5085 | D:5      | 5085 ||| STAIRDANCE
  5307 | D:5      | Reached skill level 1 in Invocations
  5307 | D:5      | 5307 ||| DRINKING 2 potions of curing.
  5307 | D:5      | 5307 ||| (to cure confusion)
  5518 | D:5      | Noticed Eustachio
  5542 | D:5      | HP: 14/59 [Eustachio (7)]
  5546 | D:5      | Killed Eustachio
  6002 | D:5      | Reached skill level 3 in Invocations
  6002 | D:5      | Reached XP level 8. HP: 67/67 MP: 10/10
  6164 | D:5      | 6164 ||| READING 2 scrolls labelled FYBLIMP PENN.
  6165 | D:5      | 6165 ||| READING 3 scrolls of identify.
  6165 | D:5      | 6165 ||| IDENTIFYING bubbling sapphire potion
  6166 | D:5      | 6166 ||| READING 2 scrolls of identify.
  6166 | D:5      | 6166 ||| IDENTIFYING bubbling red potion
  6167 | D:5      | 6167 ||| DROPPING potion of degeneration.
  6168 | D:5      | 6168 ||| DROPPING potion of attraction.
  6169 | D:5      | 6169 ||| DROPPING scroll of holy word.
  6444 | D:6      | 6444 ||| Stepping ~*~*~tactically~*~*~ (water).
  6456 | D:6      | 6456 ||| Stepping ~*~*~tactically~*~*~ (water).
  6564 | D:6      | 6564 ||| STAIRDANCE
  7103 | D:6      | Reached skill level 6 in Invocations
  7397 | D:6      | Reached skill level 9 in Axes
  7431 | D:6      | 7431 ||| STAIRDANCE
  7437 | D:5      | Reached XP level 9. HP: 51/75 MP: 13/13
  7661 | D:6      | 7661 ||| Stepping ~*~*~tactically~*~*~ (water).
  7781 | D:7      | Found a snail-covered altar of Cheibriados.
  7781 | D:7      | Found Xufup's Antique Weapon Boutique.
  7783 | D:7      | Noticed Joseph
  7798 | D:7      | HP: 17/75 [Joseph (14)]
  7803 | D:7      | HP: 11/75 [Joseph (5)]
  7805 | D:7      | Killed Joseph
  7806 | D:7      | Reached skill level 6 in Fighting
  8085 | D:7      | 8085 ||| BUYING runed whip (154 gold).
  8085 | D:7      | Bought a runed whip for 154 gold pieces
  8085 | D:7      | 8085 ||| DROPPING +0 mace.
  8303 | D:7      | 8303 ||| STAIRDANCE
  8470 | D:7      | 8470 ||| DROPPING +0 whip of freezing.
  8697 | D:7      | Noticed Duvessa
  8697 | D:7      | Noticed Dowan
  8708 | D:7      | Killed Duvessa
  8708 | D:7      | Reached *** piety under Makhleb
  8717 | D:7      | Killed Dowan
  9077 | D:7      | 9077 ||| READING 2 scrolls of identify.
  9077 | D:7      | 9077 ||| IDENTIFYING amethyst potion
  9154 | D:8      | 9154 ||| STAIRDANCE
  9195 | D:8      | 9195 ||| STAIRDANCE
  9205 | D:7      | Reached skill level 9 in Invocations
  9539 | D:8      | Reached skill level 10 in Axes
  9539 | D:8      | Reached XP level 10. HP: 84/84 MP: 16/16
  9565 | D:8      | Found an iron altar of Okawaru.
  9603 | D:8      | Noticed a seven-headed hydra
  9608 | D:8      | 9608 ||| SWAPPING to +0 morningstar.
  9636 | D:8      | 9636 ||| SWAPPING to +1 war axe.
  9704 | D:8      | 9704 ||| SWAPPING to +0 morningstar.
  9706 | D:8      | HP: 21/84 [seven-headed hydra (8)]
  9706 | D:8      | HP: 10/84 [seven-headed hydra (11)]
  9706 | D:8      | Slain by a seven-headed hydra

Levels and vault maps discovered:
D:1:      dpeg_arrival_arbitrary_c, layout_basic,
          shapermc_ecumenical_altar_mp_urbaneastern
D:2:      layout_basic
D:3:      layout_rooms, nicolae_gozag_cash_rules_everything_around_me,
          mainiacjoe_overflow_big_doors, uniq_terence, uniq_robin,
          uniq_crazy_yiuf_cottage, uniq_jessica
D:4:      layout_loops_cross, nicolae_kikubaaqudgha_miasma_corner,
          minmay_temple_entry_offerings, kennysheep_generic_room_12
D:5:      layout_basic, mainiacjoe_overflow_alcove_1, grunt_decor_one_mirror,
          minmay_stone_trees_small, kennysheep_donut, uniq_eustachio
D:6:      layout_loops_ring, gup_sewer_entry_spiral
D:7:      layout_loops_cross, overflow_temple_1_default, serial_undead,
          serial_undead_d, serial_undead_e, serial_undead_e, serial_undead_a,
          nicolae_stop_n_shop_1, uniq_duvessa, uniq_joseph
D:8:      minmay_spotlight, layout_basic, okawaru_gym_becter

Skill      XL: |  1  2  3  4  5  6  7  8  9 |
---------------+----------------------------+-----
Axes           | 3 4 5 6 7 8 9 10 | 10.0
Fighting       | 4 5 6 |  6.4
Invocations    | 3 6 9 |  9.1
Shields        | 4 5 |  5.0
Dodging        | |  2.7

Action                   |  1- 3 |  4- 6 |  7- 9 | 10-12 || total
-------------------------+-------+-------+-------+-------++-------
Melee: War axe           |   111 |   125 |   307 |     3 ||   546
       Tailslap          |    12 |    14 |    42 |     3 ||    71
       Morningstar       |       |       |       |     3 ||     3
  Use: Scroll            |     5 |     2 |     9 |       ||    16
       Potion            |       |     3 |     1 |       ||     4
Armor: Skin              |    37 |    31 |    88 |     7 ||   163
Dodge: Dodged            |    42 |    49 |   130 |     7 ||   228
Block: Kite shield       |    40 |    46 |   129 |    10 ||   225

Table legend:
 A = Non-vault XP
 B = Vault XP
 C = Vault XP percentage of total XP
 D = Non-vault monster count
 E = Vault monster count
 F = Vault count percentage of total count
                 A         B        C        D         E       F
            +---------+---------+-------+---------+---------+-------
      Total |    4016 |    1621 |  28.8 |     140 |      34 |  19.5
            +---------+---------+-------+---------+---------+-------
        D:1 |      22 |       0 |   0.0 |      15 |       0 |   0.0
        D:2 |      64 |      36 |  36.0 |      19 |       1 |   5.0
        D:3 |     174 |      74 |  29.8 |      17 |      14 |  45.2
        D:4 |     472 |       0 |   0.0 |      28 |       0 |   0.0
        D:5 |     858 |     191 |  18.2 |      20 |       1 |   4.8
        D:6 |    1129 |      56 |   4.7 |      17 |       8 |  32.0
        D:7 |     767 |    1264 |  62.2 |      17 |      10 |  37.0
        D:8 |     530 |       0 |   0.0 |       7 |       0 |   0.0
            +---------+---------+-------+---------+---------+-------
